Map: Turbo Cruise '84 LE

Players

Diego

  • Race: Protoss Protoss
  • League: Gold
  • Spawn Location: 3:00

SandboX - Winner!

  • Race: Zerg Zerg
  • League: Gold
  • Spawn Location: 7:00

VOD

Have the link to the VOD?

Description

Time

  • Played on: Aug. 10, 2019, 3:16 p.m.
  • Length: 13:06
Show
View Real Time Build Order
Export as new Build Order

Diego Protoss 

Build Orders: 1 Gate Expand 

Get SALT Encoding   

  1  0:00  Probe  
  12  0:05  Probe  
  14  0:24  Pylon  
  14  0:25  Probe  
  16  0:42  Probe  
  16  0:45  Gateway  
  16  0:53  Assimilator  
  16  0:54  Probe  
  17  1:16  Nexus  
  17  1:22  Probe  
  18  1:34  Probe  
  18  1:35  Cybernetics Core  
  19  1:47  Zealot  
  19  1:48  Pylon  
  22  1:54  Probe  
  22  2:01  Assimilator  
  22  2:02  Probe  
  23  2:10  Probe  
  24  2:17  Stalker  
  24  2:20  Probe  
  27  2:25  Gateway  
  27  2:36  Probe  
  27  2:38  Gateway  
  28  2:44  Probe  
  28  2:50  Probe  
  30  2:53  Probe  
  31  3:02  Probe  
  32  3:05  Probe  
  32  3:09  Warp Gate  
  33  3:18  Probe  
  34  3:23  Stalker  
  34  3:24  Stalker  
  34  3:26  Stalker  
  40  3:30  Probe  
  40  3:33  Pylon  
  41  3:36  Probe  
  42  3:42  Probe  
  42  3:47  Assimilator  
  43  3:54  Probe  
  44  3:59  Robotics Facility  
  44  4:00  Stalker  
  44  4:01  Stalker  
  48  4:03  Stalker  
  50  4:14  Probe, Pylon  
  50  4:22  Probe  
  51  4:29  Assimilator  
  52  4:31  Probe  
  52  4:34  Pylon  
  52  4:36  Stalker  
  52  4:37  Stalker  
  57  4:42  Stalker  
  57  4:43  Probe  
  60  4:47  Observer  
  61  4:55  Probe  
  62  5:00  Pylon  
  62  5:06  Robotics Facility  
  62  5:09  Robotics Facility  
  62  5:10  Probe  
  63  5:18  Probe  
  63  5:27  Probe  
  64  5:31  Stalker x2  
  64  5:32  Stalker  
  71  5:37  Immortal  
  71  5:39  Probe  
  76  5:51  Probe  
  76  6:16  Pylon  
  76  6:17  Pylon  
  76  6:19  Pylon  
  76  6:21  Pylon  
  76  6:23  Pylon  
  76  6:34  Immortal x2  
  84  6:52  Robotics Bay  
  84  6:56  Immortal  
  84  6:58  Nexus  
  88  7:14  Stalker x2, Observer x2  
  94  7:18  Stalker  
  96  7:25  Probe  
  97  7:33  Immortal  
  97  7:35  Immortal  
  105  7:42  Warp Prism  
  106  8:04  Immortal  
  109  8:14  Immortal x2  
  109  8:44  Immortal  
  111  8:53  Immortal x2  
  91  9:23  Immortal  
  95  9:31  Colossus  
  95  9:32  Colossus  
  107  9:48  Stalker x2  
  107  9:49  Stalker  
  111  10:01  Colossus  
  87  10:25  Colossus  
  93  10:34  Colossus  
  99  10:43  Nexus  
  99  10:47  Stalker x2  
  99  10:48  Stalker  
  105  10:55  Colossus  
  111  11:01  Extended Thermal Lance  
  83  11:19  Colossus  
  83  11:23  Stalker x3  
  41  12:04  Zealot  
  41  12:05  Zealot  
  45  12:10  Immortal x2  
  45  12:13  Immortal  
Show
View Real Time Build Order
Export as new Build Order

SandboX Zerg - Winner!

Build Orders: Hatch First 

Get SALT Encoding   

  12  0:02  Drone  
  13  0:19  Drone  
  14  0:21  Overlord  
  14  0:42  Drone x3  
  17  0:59  Hatchery  
  17  1:03  Drone  
  17  1:05  Drone  
  17  1:07  Extractor  
  17  1:21  Spawning Pool  
  17  1:22  Drone  
  17  1:25  Drone  
  18  1:36  Drone  
  19  1:47  Overlord  
  19  1:59  Drone  
  20  2:09  Zergling x2  
  20  2:11  Zergling x2  
  20  2:12  Queen  
  20  2:13  Queen  
  20  2:14  Metabolic Boost  
  26  2:19  Drone  
  27  2:24  Drone  
  27  2:29  Drone  
  29  2:39  Drone  
  30  2:47  Hatchery  
  29  2:52  Drone x2  
  29  2:55  Drone  
  29  2:58  Drone  
  33  3:10  Overlord x2  
  33  3:14  Drone  
  34  3:28  Drone x7  
  34  3:32  Overlord  
  41  3:38  Queen  
  43  3:54  Roach Warren  
  43  3:55  Spore Crawler  
  41  3:58  Spore Crawler  
  41  3:59  Spore Crawler  
  39  4:09  Spore Crawler  
  38  4:11  Drone x7  
  45  4:22  Extractor  
  45  4:24  Extractor  
  43  4:34  Drone x8  
  51  4:47  Drone  
  51  4:48  Drone x6  
  51  4:50  Overlord  
  51  4:52  Lair  
  58  4:58  Evolution Chamber  
  57  5:00  Evolution Chamber  
  56  5:16  Drone x6  
  56  5:17  Drone x4  
  56  5:19  Overlord x2  
  66  5:28  Zerg Ground Armor Level 1, Zerg Missile Weapons Level 1  
  66  5:37  Extractor  
  66  5:39  Extractor  
  64  5:43  Extractor  
  64  5:48  Roach x9  
  81  6:03  Spore Crawler  
  80  6:05  Spore Crawler  
  80  6:09  Drone  
  80  6:10  Drone x2  
  82  6:35  Overlord x2  
  82  6:36  Overlord x3  
  82  6:54  Overlord x3  
  82  6:55  Drone  
  82  6:56  Drone x6  
  82  6:58  Roach x9  
  107  7:02  Glial Reconstitution  
  107  7:08  Hydralisk Den  
  106  7:25  Roach x13  
  106  7:26  Hatchery  
  129  7:42  Zerg Ground Armor Level 2, Zerg Missile Weapons Level 2  
  129  7:54  Roach x8  
  129  7:57  Overlord x6  
  123  8:21  Hydralisk x6  
  123  8:22  Hydralisk x5  
  135  8:40  Hydralisk x6  
  147  8:50  Hydralisk x4  
  141  9:00  Roach x4  
  137  9:06  Muscular Augments  
  137  9:20  Queen  
  139  9:28  Hydralisk x9  
  157  9:53  Roach x14  
  181  10:05  Roach x6  
  167  10:12  Roach x4  
  153  10:28  Roach x9  
  171  10:39  Grooved Spines  
  171  10:40  Infestation Pit  
  170  11:08  Hatchery  
  147  11:16  Hydralisk x6, Roach x11  
  151  11:30  Roach x7  
  161  11:46  Roach x8  
  177  12:00  Hydralisk x5  
  187  12:14  Hydralisk x2  
  191  12:17  Overlord x4  
  191  12:26  Hydralisk x3  
  197  12:37  Hydralisk  
Tags
 
Add a new tag
Caveats
  • Supply blocks, unpowered buildings, or Contaminate may cause inaccurate times.
  • Supply counts are checked every 10 seconds.